 Dungeon Crawl Stone Soup version 0.29.1-15-g9cfb28693d (webtiles) character file.

Game seed: 7955848603917087975

64 Silvore the Covered (level 4, -1/28 HPs)
             Began as a Gargoyle Fighter on May 1, 2023.
             Slain by a gnoll
             ... wielding a +0 halberd
              (9 damage)
             ... on level 2 of the Dungeon.
             The game lasted 00:01:59 (1829 turns).

Silvore the Covered (Gargoyle Fighter)              Turns: 1829, Time: 00:02:00

Health: -1/28      AC: 10    Str: 22    XL:     4   Next: 12%
Magic:  4/4        EV:  9    Int:  8    God:
Gold:   87         SH:  3    Dex:  9    Spells: 3/3 levels left

rFire   . . .      SeeInvis +   a - +0 long sword
rCold   . . .      Faith    .   c - +0 buckler
rNeg    + . .      Spirit   .   b - +0 scale mail
rPois   ∞          Reflect  .   (no helmet)
rElec   +          Harm     .   (no cloak)
rCorr   .          Rampage  .   (no gloves)
Will    .....                   (no boots)
Stlth   ..........              (no amulet)
HPRegen 0.09/turn               i - ring of see invisible
MPRegen 0.09/turn               (no ring)

@: mighty, studying Axes
A: sickness immunity, AC +3, negative energy resistance 1, electricity
resistance, torment resistance 1, petrification resistance
a: no special abilities


You were on level 2 of the Dungeon.
You visited 1 branch of the dungeon, and saw 2 of its levels.

You collected 87 gold pieces.

Inventory:

Hand Weapons
 a - a +0 long sword (weapon)
Armour
 b - a +0 scale mail (worn)
 c - a +0 buckler (worn)
Jewellery
 i - a ring of see invisible (left hand)
Scrolls
 e - a scroll of noise {unknown}
 h - a scroll of poison
 j - a scroll of identify
Potions
 f - a potion of curing {unknown}
 g - a potion of brilliance
 k - a potion of degeneration {unknown}


   Skills:
 + Level 3.6(1.8) Fighting
 + Level 2.8(1.4) Long Blades
 + Level 3.8(1.9) Armour
 + Level 0.7(0.3) Dodging
 + Level 3.5(1.7) Shields


You had 3 spell levels left.
You didn't know any spells.
Your spell library was empty.

Dungeon Overview and Level Annotations

Branches:
Dungeon (2/15)

Altars:
Ashenzari


Innate Abilities, Weirdness & Mutations

You are immune to sickness and miasma.
Your stone body is resilient. (AC +3)
You are immune to poison.
You resist negative energy. (rN+)
You are resistant to electric shocks. (rElec)
You are resistant to unholy torment.
You are immune to petrification.


Message History

You hit the adder.
The adder is lightly wounded.
You block the adder's attack. The gnoll barely misses you.
The frilled lizard completely misses you.
You closely miss the adder.
The adder is lightly wounded.
You block the adder's attack.
The gnoll hits you from afar with a +0 halberd.
The frilled lizard bites you but does no damage.
The adder barely misses you.
You barely miss the adder.
The adder is lightly wounded.
The adder bites you.
The gnoll hits you from afar with a +0 halberd.
The frilled lizard closely misses you. The adder bites you but does no damage.
The frilled lizard barely misses you.
The gnoll hits you from afar with a +0 halberd.
* * * LOW HITPOINT WARNING * * *
You barely miss the adder.
The adder is lightly wounded.
The adder bites you.
* * * LOW HITPOINT WARNING * * *
The gnoll hits you but does no damage. The frilled lizard misses you.
The adder barely misses you.
Unknown command.
You feel very mighty all of a sudden. The adder barely misses you.
The gnoll hits you but does no damage. The frilled lizard closely misses you.
You closely miss the adder.
The adder is lightly wounded.
The adder bites you but does no damage. The gnoll hits you but does no damage.
The frilled lizard bites you but does no damage.
The adder bites you but does no damage.
You barely miss the adder.
The adder is lightly wounded.
The frilled lizard bites you but does no damage.
The gnoll barely misses you. The adder bites you but does no damage.
The frilled lizard closely misses you.
The gnoll hits you from afar with a +0 halberd!
You die...

########.## ##..........
#>..#####...
#.#.########
#####.#..##(....
#.....##.##.###.
#########.........#.....
#.....l)................
.....gS@...........#.###
####.####............# .
#.........)..###
#......(...#...#
#........).###.#
...........# #)#
#.#........# #.#
.#........# #..
.........# ###


You could see a gnoll, an adder and a frilled lizard.

Vanquished Creatures
  2 adders (D:2)
  3 dart slugs
  2 ball pythons (D:1)
  5 bats
  3 endoplasms (D:1)
  A giant cockroach (D:1)
  6 goblins
  3 hobgoblins (D:1)
  2 kobolds (D:2)
  A quokka (D:1)
  3 frilled lizards (D:1)
  7 rats
38 creatures vanquished.

Vanquished Creatures (others)
  3 plants (D:1)
3 creatures vanquished.

Grand Total: 41 creatures vanquished

Notes
Turn   | Place    | Note
-------+----------+-------------------------------------------
     0 | D:1      | Silvore the Gargoyle Fighter began the quest for the Orb.
     0 | D:1      | Reached XP level 1. HP: 14/14 MP: 1/1
   192 | D:1      | Reached XP level 2. HP: 19/19 MP: 2/2
   845 | D:1      | Reached XP level 3. HP: 23/23 MP: 3/3
   890 | D:1      | Found a faded altar of an unknown god.
   913 | D:1      | Prayed at the altar of an unknown god.
   913 | D:1      | Became a worshipper of Ashenzari the Shackled
   914 | D:1      | Fell from the grace of Ashenzari
  1608 | D:2      | Reached XP level 4. HP: 19/28 MP: 4/4
  1829 | D:2      | Slain by a gnoll

Illustrated notes

Levels and vault maps discovered:
D:1:      psy_arrival_heroes, layout_basic, dilly_ecumenical_altar_fadedgnrine,
          st_stairs_4
D:2:      layout_basic, amcnicky_mini_pool_small, minmay_nonomino_d4

Skill      XL: |  1  2 |
---------------+-------+-----
Long Blades    | 2 |  2.8
Fighting       | |  3.6
Armour         | |  3.8
Dodging        | |  0.7
Shields        | |  3.5

Action                   |  1- 3 |  4- 6 || total
-------------------------+-------+-------++-------
Melee: Long sword        |   130 |    17 ||   147
Invok: Renounce Religion |     1 |       ||     1
  Use: Scroll            |     4 |       ||     4
       Potion            |       |     1 ||     1
Armor: Scale mail        |   114 |    20 ||   134
Dodge: Dodged            |   113 |    19 ||   132
Block: Buckler           |    41 |     4 ||    45
